 Dungeon Crawl Stone Soup version 0.31.0-11-ge490571c62 (webtiles) character file.

Game seed: 17063984038832551721

7306594 Hi5aMiFi the Bringer of Law (level 27, 323/323 HPs)
             Began as an Oni Artificer on Feb 1, 2024.
             Was the Champion of Zin.
             Escaped with the Orb
             ... and 10 runes on Feb 2, 2024!
             The game lasted 11:24:47 (103329 turns).

Hi5aMiFi the Bringer of Law (Oni Artificer)       Turns: 103329, Time: 11:24:47

Health: 323/323    AC: 21    Str: 38    XL:     27
Magic:  40/40      EV: 15    Int: 12    God:    Zin [******]
Gold:   2465       SH: 38    Dex: 15    Spells: 26/26 levels left

rFire   + + .        b - +9 sacred scourge (holy)
rCold   + + .        C - +8 tower shield {AC+3}
rNeg    . . .        f - +6 acid dragon scales
rPois   +            g - +0 hat of the Intense God {rElec}
rElec   +            Z - scarf {rC+ rF+}
rCorr   +            (gloves unavailable)
SInv    +            (boots unavailable)
Will    +++..        I - amulet of reflection
Stlth   +            G - ring "Optiec" {Will+ Dex+6 SInv}
HPRegen 0.73/turn    r - ring of Wuwku {rPois rF+ rC+ Str+4 Stlth+}
MPRegen 0.27/turn

%: reflection
@: hasted, very quick
A: large, unfitting armour, horns 1, tough skin 1, double potion healing,
drunken brawling
0: Orb of Zot
}: 10/15 runes: serpentine, barnacled, slimy, silver, abyssal, demonic, glowing,
magical, fiery, dark
a: Renounce Religion, Recite, Vitalisation, Imprison, Sanctuary, Donate Gold


You escaped.
You worshipped Zin.
Zin was exalted by your worship.
You visited 11 branches of the dungeon, and saw 55 of its levels.
You visited Pandemonium 1 time, and saw 24 of its levels.
You visited the Abyss 6 times.
You also visited: Sewer, Bailey, Gauntlet and Volcano.

You collected 11057 gold pieces.
You spent 7067 gold pieces at shops.
You donated 1525 gold pieces to Zin.

Inventory:

Hand Weapons
 b - a +9 sacred scourge of holy wrath (weapon)
 x - the +5 Force Lance {heavy, knockback}
   (You found it on level 3 of the Dungeon)
Missiles
 a - 34 boomerangs
 i - 7 javelins
 p - 11 darts of dispersal
 z - 18 silver javelins
 S - 93 large rocks (quivered)
Armour
 c - a +2 hat of willpower
 d - a +2 cloak of willpower
 f - +6 acid dragon scales (worn)
 g - the +0 hat of the Intense God (worn) {rElec}
   (You acquired it on level 1 of the Dungeon)

   rElec:     It insulates you from electricity.
 j - the +9 ice dragon scales "Ashracici" {Harm ^Drain rElec rF- rC++ Str+3 Slay+2}
   (You found it on level 3 of the Crypt)

   Str+3:     It affects your strength (+3).
   Slay+2:    It affects your accuracy & damage with ranged weapons and melee
   (+2).
   rF-:       It makes you vulnerable to fire.
   rC++:      It greatly protects you from cold.
   rElec:     It insulates you from electricity.
   ^Drain:    It drains your maximum health when unequipped.
   Harm:      It increases damage dealt and taken.
 C - a +8 tower shield of protection (worn)
 Z - a scarf of resistance (worn)
Jewellery
 r - the ring of Wuwku (right hand) {rPois rF+ rC+ Str+4 Stlth+}
   (You bought it in a shop on level 1 of the Depths)

   [ring of protection from cold]

   Str+4:     It affects your strength (+4).
   rF+:       It protects you from fire.
   rC+:       It protects you from cold.
   rPois:     It protects you from poison Stlth+: It makes you more stealthy.
 t - the ring of Gozag, Hugging {Will+ Stlth+}
   (You bought it in a shop on level 4 of the Vaults)

   [ring of willpower]

   Will+:     It increases your willpower.
   Stlth+:    It makes you more stealthy.
 w - a +4 ring of protection
 G - the ring "Optiec" (left hand) {Will+ Dex+6 SInv}
   (You bought it in a shop on level 1 of the Depths)

   [ring of dexterity]

   Dex+6:     It affects your dexterity (+6).
   Will+:     It increases your willpower.
   SInv:      It lets you see invisible.
 I - an amulet of reflection (around neck)
 N - the amulet "Riaruipn" {Acrobat rElec rCorr Str+7 Dex-3}
   (You found it on level 5 of the Pits of Slime)

   [amulet of the acrobat]

   Acrobat:   It increases your evasion while moving and waiting.
   Str+7:     It affects your strength (+7).
   Dex-3:     It affects your dexterity (-3).
   rElec:     It insulates you from electricity.
   rCorr:     It protects you from acid and corrosion.
 R - a ring of protection from fire
 X - a ring of positive energy
Wands
 k - a wand of light (26)
 L - a wand of roots (70)
 P - a wand of digging (5)
 T - a wand of paralysis (73)
Scrolls
 m - 4 scrolls of silence
 o - 5 scrolls of vulnerability
 s - 15 scrolls of teleportation
 y - 3 scrolls of poison
 A - 12 scrolls of fog
 B - 3 scrolls of revelation
 E - 2 scrolls of butterflies
 F - 6 scrolls of immolation
 Q - 4 scrolls of blinking
 V - 6 scrolls of fear
Potions
 h - a potion of cancellation
 n - 4 potions of berserk rage
 u - 5 potions of resistance
 v - 5 potions of magic
 D - 7 potions of curing
 H - 2 potions of haste
 J - 13 potions of mutation
 K - 9 potions of attraction
 M - a potion of might
 O - 8 potions of heal wounds
 W - a potion of ambrosia
 Y - 8 potions of invisibility
Miscellaneous
 e - a tin of tremorstones (2/2)
 U - a phantom mirror


   Skills:
 O Level 27 Fighting
 - Level 18.0 Maces & Flails
 - Level 12.0 Polearms
 O Level 27 Throwing
 * Level 18.9 Armour
 - Level 12.5 Dodging
 - Level 0.6 Stealth
 O Level 27 Shields
 O Level 27 Invocations
 + Level 12.5 Evocations


You had 26 spell levels left.
You didn't know any spells.
Your spell library contained the following spells:

 Spells                   Type           Power      Damage    Failure   Level
 Apportation              Tloc           0%         N/A       34%         1
 Foxfire                  Conj/Fire      0%         2x1d4     34%         1
 Freeze                   Ice            0%         1d3       34%         1
 Magic Dart               Conj           0%         1d3       34%         1
 Necrotise                Necr           0%         1d4       34%         1
 Sandblast                Erth           0%         2d4       34%         1
 Shock                    Conj/Air       0%         1d3       34%         1
 Slow                     Hex            0%         N/A       34%         1
 Sting                    Conj/Alch      0%         1d3       34%         1
 Summon Small Mammal      Summ           0%         N/A       34%         1
 Blink                    Tloc           0%         N/A       47%         2
 Call Imp                 Summ           0%         N/A       47%         2
 Ensorcelled Hibernation  Hex/Ice        0%         N/A       47%         2
 Jinxbite                 Hex            0%         N/A       47%         2
 Lesser Beckoning         Tloc           0%         N/A       47%         2
 Mercury Vapours          Alch/Air       0%         N/A       47%         2
 Momentum Strike          Conj/Tloc      0%         3d8       47%         2
 Searing Ray              Conj           0%         2d4       47%         2
 Call Canine Familiar     Summ           0%         N/A       71%         3
 Confusing Touch          Hex            0%         N/A       71%         3
 Frozen Ramparts          Ice            0%         1d1       71%         3
 Fugue of the Fallen      Necr           0%         N/A       71%         3
 Gell's Gravitas          Tloc           0%         N/A       71%         3
 Inner Flame              Hex/Fire       0%         N/A       71%         3
 Passwall                 Erth           0%         N/A       71%         3
 Sigil of Binding         Hex            0%         N/A       71%         3
 Stone Arrow              Conj/Erth      0%         3d7       71%         3
 Summon Ice Beast         Ice/Summ       0%         N/A       71%         3
 Swiftness                Air            0%         N/A       71%         3
 Teleport Other           Tloc           0%         N/A       71%         3
 Vampiric Draining        Necr           0%         2d6       71%         3
 Volatile Blastmotes      Fire/Tloc      0%         2d10      71%         3
 Airstrike                Air            0%         2d(0-16)  98%         4
 Anguish                  Hex/Necr       0%         N/A       98%         4
 Animate Armour           Summ/Erth      0%         N/A       98%         4
 Brom's Barrelling Bould  Conj/Erth      0%         2d3       98%         4
 Cause Fear               Hex            0%         N/A       98%         4
 Dimensional Bullseye     Hex/Tloc       0%         N/A       98%         4
 Fulminant Prism          Conj/Alch      0%         3d5       98%         4
 Leda's Liquefaction      Alch/Erth      0%         N/A       98%         4
 Olgreb's Toxic Radiance  Alch           0%         N/A       98%         4
 Petrify                  Alch/Erth      0%         N/A       98%         4
 Summon Blazeheart Golem  Fire/Summ      0%         N/A       98%         4
 Summon Lightning Spire   Summ/Air       0%         N/A       98%         4
 Vhi's Electric Charge    Tloc/Air       0%         N/A       98%         4
 Alistair's Intoxication  Alch           0%         N/A       100%        5
 Arcjolt                  Conj/Air       0%         1d10      100%        5
 Borgnjor's Vile Clutch   Necr/Erth      0%         N/A       100%        5
 Fireball                 Conj/Fire      0%         3d3       100%        5
 Irradiate                Conj/Alch      0%         3d11      100%        5
 Iskenderun's Battlesphe  Conj           0%         2d6       100%        5
 Lee's Rapid Deconstruct  Erth           0%         3d4*      100%        5
 Metabolic Englaciation   Hex/Ice        0%         N/A       100%        5
 Summon Forest            Summ/Tloc      0%         N/A       100%        5
 Summon Mana Viper        Hex/Summ       0%         N/A       100%        5
 Yara's Violent Unravell  Hex/Alch       0%         3d3       100%        5
 Bombard                  Conj/Erth      0%         9d1       100%        6
 Eringya's Noxious Bog    Alch           0%         4d6       100%        6
 Plasma Beam              Fire/Air       0%         2x1d10    100%        6
 Sculpt Simulacrum        Ice/Alch       0%         N/A       100%        6
 Starburst                Conj/Fire      0%         6d3       100%        6
 Enfeeble                 Hex            0%         N/A       100%        7
 Malign Gateway           Summ/Tloc      0%         N/A       100%        7
 Monstrous Menagerie      Summ           0%         N/A       100%        7
 Orb of Destruction       Conj           0%         9d5       100%        7
 Ozocubu's Refrigeration  Ice            0%         4d7       100%        7
 Spellforged Servitor     Conj/Summ      0%         N/A       100%        7
 Ignition                 Fire           0%         3d3       100%        8
 Summon Horrible Things   Summ           0%         N/A       100%        8
 Chain Lightning          Conj/Air       0%         N/A       100%        9
 Dragon's Call            Summ           0%         N/A       100%        9
 Polar Vortex             Ice            0%         N/A       100%        9


Dungeon Overview and Level Annotations

Branches:
Dungeon (15/15)            Temple (0/1) D:6            Lair (5/5) D:8
 Shoals (4/4) Lair:3        Snake (4/4) Lair:3        Slime (5/5) Lair:4
    Orc (2/2) D:9             Elf (3/3) Orc:2        Vaults (5/5) D:14
  Crypt (3/3) Vaults:3       Tomb (0/3) Crypt:3      Depths (4/4) D:15
    Zot (5/5) Depths:4      Sewer (visited)          Bailey (visited)
Volcano (visited)         Gauntlet (visited)

Altars:
Ashenzari
Dithmenos
Elyvilon
Fedhas
Gozag
Kikubaaqudgha
Nemelex Xobeh
Okawaru
Sif Muna
Trog
Uskayaw
Vehumet
Wu Jian
Xom
Zin
The Shining One
Jiyva

Shops:
D:5 !   D:7 *   D:9 *   D:10 *   Orc:1 *(   Orc:2 [(*=   Elf:3 *[*[:
Shoals:3 (   Vaults:2 (   Vaults:3 :   Vaults:4 =   Depths:1 :=:   Depths:4 [

Portals:
Hell: Depths:1 Depths:2 Depths:3 Depths:4
Abyss: Depths:3 Depths:4
Pandemonium: Depths:1 Depths:2 Depths:3
Ziggurat: Depths:3
Trove: D:10 (give 11 potions of heal wounds)


Innate Abilities, Weirdness & Mutations

You are too large for most types of armour.
You have a pair of small horns on your head.
You have tough skin. (AC +1)
You gain doubled healing and magic from potions.
Whenever you drink a healing potion, you attack all around you.


Message History

Throw: 95 large rocks
Press: ? - help, Q - select action, (/) - cycle Shift-Dir - straight line, f/p - Orb Guardian
Aim: an Orb Guardian (71% to hit)
You throw a large rock. The large rock hits the Orb Guardian!!!
The Orb Guardian is severely wounded.
Throw: 94 large rocks
Press: ? - help, Q - select action, (/) - cycle Shift-Dir - straight line, f/p - Orb Guardian
Aim: an Orb Guardian (severely wounded, 71% to hit)
You throw a large rock.
The large rock hits the Orb Guardian!!!!
You kill the Orb Guardian!
Your extra speed is starting to run out.
You feel yourself slow down.
There is a stone staircase leading up here.
You feel yourself speed up.
You climb upwards.
There is a stone staircase leading down here.
Unknown command.
Hit: b) +9 sacred scourge (holy)
Press: ? - help, Dir - move target, f - you
Okay, then.
Unknown command.
Aiming: Dig
Press: ? - help, Shift-Dir - straight line A rock wall.
This square is covered in magical glow.
The rock shatters into small pieces.
Okay, then.
Unknown command.
Blink to where?
Press: ? - help, Dir - move target
As you read the scroll of blinking, it crumbles to dust.
Aiming: Dig
Press: ? - help, Shift-Dir - straight line This square is covered in magical glow.
The rock shatters into small pieces.
Blink to where?
Press: ? - help, Dir - move target
As you read the scroll of blinking, it crumbles to dust.
You have escaped!

## #.# #.#
#.##########
#.@........###
###
##.#######....#
#..
###.............#
#..
#...............#
#..
#.8.§#######..8.#
#..
#....#hyhkS#....#
#.#
#.8..#######..8.#
#.#
#...............#
#.#
###.........8.###
#.#


There were no monsters in sight!

Vanquished Creatures
  Cerebov (Pan)
  the Royal Jelly (Slime:5)
  Mnoleg (Pan)
  Lom Lobon (Pan)
  5 orbs of fire
  Khufu (Crypt:3)
  5 dread liches
  8 ancient liches
  3 royal mummies (Crypt:3)
  Sojobo (Crypt:3)
  Margery (Crypt:3)
  8 Killer Klowns
  11 golden dragons
  2 curse toes
  The ghost of browni3141 the Eclecticist, an adept DsCj of Vehumet (Elf:3)
  Nikola (Elf:2)
  Norris (Depths:3)
  9 bone dragons
  A Tzitzimitl (Pan)
  3 electric golems
  2 hellephants
  12 Brimstone Fiends (Pan)
  Rupert (Lair:5)
  6 Hell Sentinels
  22 tentacled monstrosities
  2 walking crystal tomes
  27 Orb Guardians
  Zenata (Crypt:1)
  7 liches
  Mlioglotl (Shoals:1)
  4 Ice Fiends (Pan)
  5 pandemonium lords (Pan)
  4 titans
  A walking divine tome (Depths:2)
  13 sphinxes
  27 acid blobs
  2 deep elf blademasters
  A deep elf master archer (Elf:3)
  A searing wretch (Crypt:3)
  19 death cobs
  A kraken (Shoals:1)
  Polyphemus (Shoals:3)
  8 quicksilver dragons
  15 tentacled starspawn
  A thorn hunter (Abyss:4)
  31 Executioners
  An ancient champion (Crypt:1)
  18 shadow dragons
  10 tengu reavers
  9 protean progenitors
  4 nagarajas
  Donald (Shoals:1)
  2 revenants (Crypt:2)
  6 draconian monks
  Roxanne (D:14)
  9 azure jellies
  8 demonspawn warmongers (Pan)
  5 frost giants
  11 storm dragons
  A fenstrider witch (Pan)
  2 iron dragons
  6 draconian shifters
  6 rockslimes
  2 draconian knights
  16 vault wardens
  10 ghost moths
  3 draconian stormcallers
  11 deep elf sorcerers
  4 curse skulls
  A deep elf elementalist (Elf:2)
  25 balrugs
  8 fire giants
  Louise (D:15)
  8 draconian scorchers
  23 ironbound preservers
  9 draconian annihilators
  A spriggan defender (Depths:2)
  5 angels
  14 demonspawn corrupters (Pan)
  29 reapers
  9 quicksilver oozes
  2 orc warlords
  11 demonspawn blood saints (Pan)
  8 formless jellyfish
  A rockslime zombie (Crypt:1)
  4 ghouls (Crypt:1)
  19 stone giants
  5 caustic shrike zombies
  2 broodmothers (Zot:1)
  10 juggernaut skeletons
  22 very ugly things
  Nessos (Lair:4)
  17 cacodemons
  17 black draconians
  5 caustic shrike skeletons (Pan)
  6 ironbound thunderhulks
  13 lorocyprocas
  A vampire knight (Depths:2)
  8 demonspawn black suns (Pan)
  5 green draconians
  6 deep elf demonologists
  2 war gargoyles
  10 yellow draconians
  12 purple draconians
  8 deep elf death magi
  3 minotaurs
  12 deep elf annihilators
  25 dire elephants
  10 white draconians
  3 spark wasps
  17 red draconians
  5 crystal guardians
  18 green deaths
  15 eidola
  A mummy priest (Crypt:3)
  18 ettins
  6 fire dragons
  17 blizzard demons
  A shambling mangrove (Abyss:4)
  An entropy weaver (shapeshifter) (Vaults:5)
  3 merfolk javelineers
  Snorg (D:12)
  6 merfolk impalers
  8 entropy weavers
  24 yaktaur captains
  36 vault guards
  4 deep elf high priests
  6 jiangshi
  Josephine (D:13)
  5 salamander tyrants
  7 ice dragons
  4 hydras
  19 rakshasas
  16 great orbs of eyes
  2 spriggan air magi
  4 ogre magi
  A jorogumo (Pan)
  2 spriggan skeletons
  12 centaur warriors
  4 merfolk aquamancers
  An alligator snapping turtle (Shoals:3)
  A catoblepas (Shoals:3)
  A spriggan zombie (Crypt:3)
  A merfolk avatar (Shoals:4)
  4 peacekeepers
  An Orb Guardian zombie (Crypt:1)
  5 hell beasts
  A death knight (D:13)
  5 two-headed ogres
  2 boulder beetles
  11 anacondas
  5 death yaks
  11 ironbound frosthearts
  32 dancing weapons
  2 death scarabs (Gauntlet)
  6 tengu warriors
  4 deep troll shamans
  8 deep troll earth magi
  2 hell hogs
  13 naga warriors
  An orc high priest (Orc:2)
  14 satyrs
  A titan zombie (Crypt:3)
  5 vampire magi
  15 demonic crawlers
  A quicksilver ooze zombie (Crypt:2)
  5 spriggan berserkers
  23 shock serpents
  10 naga sharpshooters
  25 thrashing horrors
  32 soul eaters
  2 occultists (Volcano)
  2 storm dragon zombies (Crypt:3)
  Urug (Orc:1)
  9 hellephant skeletons (Pan)
  21 deep elf knights
  70 sun demons
  5 hell knights
  10 skysharks
  4 shadow wraiths
  A spatial maelstrom (Abyss:3)
  16 sixfirhies
  A spectral death yak (Gauntlet)
  3 iron trolls
  A titan skeleton (Crypt:3)
  7 salamander mystics
  An anaconda zombie (Crypt:3)
  A storm dragon skeleton (Crypt:2)
  12 wretched stars
  A deep troll (shapeshifter) (Depths:3)
  13 sea snakes
  14 skeletal warriors
  50 deep trolls
  13 glowing orange brains
  Lodul (D:14)
  A glowing orange brain (shapeshifter) (Zot:1)
  2 flayed ghosts
  An orange crystal statue (Snake:1)
  17 phantasmal warriors
  17 deep elf archers
  22 shadow demons (Pan)
  18 ironbound convokers
  19 lindwurms
  10 sun moths (Pan)
  8 arcanists
  5 naga ritualists
  An iron giant skeleton (Crypt:3)
  11 mana vipers
  21 harpies
  A harpy (shapeshifter) (Abyss:3)
  35 deep elf pyromancers
  5 orc knights
  25 deep elf zephyrmancers
  14 necromancers
  52 large abominations
  4 wolf spiders (Crypt:3)
  29 fauns
  A sun moth (shapeshifter) (Vaults:5)
  10 cyclopes
  A shadow dragon skeleton (Crypt:3)
  33 salamanders
  2 shining eyes
  5 orc sorcerers
  48 ugly things
  14 manticores
  A will-o-the-wisp (Abyss:4)
  A mana viper (shapeshifter) (Vaults:5)
  5 toenail golems (Volcano)
  6 centaur zombies
  A shining eye (shapeshifter) (Depths:2)
  Maurice (D:10)
  6 worldbinders
  8 elephants
  30 moths of wrath
  2 stone giant skeletons
  An apocalypse crab (Abyss:3)
  4 merfolk sirens
  28 smoke demons
  2 kobold blastminers (Orc:2)
  12 naga magi
  A water nymph (shapeshifter) (Vaults:5)
  An alligator snapping turtle zombie (Crypt:3)
  2 rust devils (Pan)
  21 vault sentinels
  7 water nymphs
  3 naga zombies (Crypt:3)
  35 black mambas
  2 centaur skeletons
  A torpor snail (shapeshifter) (Elf:3)
  11 guardian serpents
  15 orange demons
  6 eyes of devastation
  A yaktaur (shapeshifter) (D:13)
  4 gargoyles
  8 cane toads
  23 yaktaurs
  An alligator snapping turtle skeleton (Crypt:3)
  4 kobold demonologists
  An anaconda simulacrum (Crypt:1)
  10 tormentors (Pan)
  A dire elephant skeleton (Crypt:3)
  3 freezing wraiths
  3 rime drakes
  6 hellions
  4 komodo dragons
  7 tengu conjurers
  A guardian mummy (Crypt:3)
  5 unseen horrors
  9 efreet
  3 ice devils (Pan)
  Psyche (D:8)
  3 red devils (Pan)
  2 harpy zombies (Crypt:3)
  27 hellwings
  12 ancient zymes (Abyss:3)
  45 starcursed masses
  4 trolls
  31 merfolk
  7 polar bears
  5 wind drakes
  10 hornets
  A hydra skeleton (Crypt:3)
  A hornet (shapeshifter) (Elf:2)
  37 raiju
  13 glass eyes
  2 raiju (shapeshifter)
  15 blink frogs
  8 snapping turtles
  10 dream sheep
  A dream sheep (shapeshifter) (Vaults:5)
  33 water elementals
  95 slime creatures
  6 jumping spiders
  3 air elementals
  2 shadows
  A centaur simulacrum (D:14)
  11 wraiths
  21 yaks
  5 fire bats
  A vampire (D:11)
  32 ynoxinuls
  28 spriggans
  8 wyverns
  A spectral komodo dragon (Gauntlet)
  4 basilisks
  17 golden eyes
  Grum (D:8)
  5 steam dragons
  9 fire elementals
  10 humans
  3 wargs
  5 redbacks
  11 vampire mosquitoes
  27 chaos spawn
  3 swamp worms (Pan)
  Menkaure (D:6)
  2 swamp worms (shapeshifter)
  22 neqoxecs
  7 spatial vortices
  A cane toad zombie (Crypt:2)
  3 acid dragons
  52 nagas
  A glowing shapeshifter zombie (Crypt:2)
  3 hell hounds
  14 water moccasins
  A faun skeleton (Crypt:1)
  A deep troll zombie (Crypt:3)
  2 naga skeletons (Crypt:1)
  45 laughing skulls
  A manticore zombie (Crypt:1)
  29 orc warriors
  A sky beast (D:8)
  5 black bears
  4 boggarts
  21 wolves
  A centaur (shapeshifter) (Vaults:5)
  12 ogres
  A crocodile (Sewer)
  8 centaurs
  A phantom (D:5)
  A tengu (shapeshifter) (Abyss:4)
  A blink frog skeleton (Crypt:2)
  7 kobold brigands
  A weeping skull (Abyss:3)
  A brain worm (shapeshifter) (Elf:2)
  A gnoll sergeant (D:7)
  11 brain worms
  A necrophage (Crypt:1)
  5 scorpions
  15 bullfrogs
  An earth elemental (Elf:2)
  15 small abominations
  12 wights
  10 wyvern skeletons (Crypt:3)
  38 killer bees
  A shapeshifter skeleton (Crypt:1)
  4 electric eels
  10 howler monkeys
  8 jellies
  4 hounds
  A quasit (Abyss:3)
  3 iron imps
  4 bombardier beetles
  Crazy Yiuf (D:7)
  20 orc priests
  A bullfrog skeleton (Crypt:1)
  2 gnoll boudas
  Terence (D:2)
  Jessica (D:2)
  2 iguanas
  2 sleepcaps (D:4)
  30 orc wizards
  A statue (D:5)
  A boggart skeleton (Crypt:2)
  The ghost of DeathSocks the Sneak, a weakling VSDe (D:3)
  2 mummies (Crypt:3)
  16 gnolls
  A river rat (D:4)
  6 adders
  A steam dragon skeleton (Crypt:2)
  A shadow imp (Abyss:3)
  2 white imps
  3 ufetubi
  A lava snake zombie (Crypt:1)
  8 ribbon worms
  81 orcs
  15 ball pythons
  12 bats
  12 endoplasms
  2 giant cockroaches
  18 goblins
  12 hobgoblins
  4 quokkas
  A bombardier beetle zombie (Crypt:1)
  A frilled lizard (D:1)
  34 kobolds
  7 rats
  2 aspiring fleshes (Pan)
  A butterfly (Zot:1)
  A fire vortex (Pan)
  A lurking horror (Abyss:3)
  4 starspawn tentacles (Abyss:3)
  A tentacle (Shoals:1)
3601 creatures vanquished.

Vanquished Creatures (collateral kills)
  A hydra (Lair:3)
  A shock serpent (Snake:4)
  A faun (Shoals:3)
  A black mamba (Snake:4)
  2 merfolk (Shoals:3)
  A wolf (Lair:5)
  3 ball lightnings (Pan)
10 creatures vanquished.

Vanquished Creatures (others)
  Asterion (Elf:2)
  2 draconian knights
  A dancing weapon (Volcano)
  A hell knight (Crypt:3)
  2 deep elf knights
  A deep elf pyromancer (Elf:3)
  2 deep elf zephyrmancers
  3 smoke demons (Pan)
  A large abomination (Abyss:3)
  A hornet (Lair:5)
  4 humans
  A fire elemental (Elf:1)
  A killer bee (Lair:2)
  Robin (D:2)
  A kobold (D:13)
  6 ball lightnings (Pan)
  4 foxfires (Abyss:4)
  26 starspawn tentacles
  15 tentacles (Shoals:1)
74 creatures vanquished.

Grand Total: 3685 creatures vanquished

Notes
Turn   | Place    | Note
-------+----------+-------------------------------------------
     0 | D:1      | Hi5aMiFi the Oni Artificer began the quest for the Orb.
     0 | D:1      | Reached XP level 1. HP: 19/19 MP: 1/1
    29 | D:1      | Noticed a wolf
    29 | D:1      | Noticed a killer bee
    29 | D:1      | Noticed a black bear
    29 | D:1      | Noticed a wyvern
    29 | D:1      | Noticed a mana viper
   269 | D:1      | Reached XP level 2. HP: 28/28 MP: 2/2
   565 | D:1      | You fall into a shaft and drop 1 floor!
   728 | D:1      | Found a faded altar of an unknown god.
   859 | D:1      | Reached XP level 3. HP: 31/36 MP: 3/3
   906 | D:1      | Reached skill level 1 in Maces & Flails
  1398 | D:2      | Noticed Robin
  1433 | D:2      | Your ally Robin died
  1477 | D:2      | Reached XP level 4. HP: 38/48 MP: 4/4
  1659 | D:2      | Found an iron altar of Okawaru.
  1659 | D:2      | Found a radiant altar of Vehumet.
  1659 | D:2      | Found an ancient bone altar of Kikubaaqudgha.
  1659 | D:2      | Found an ancient bone altar of Kikubaaqudgha.
  1659 | D:2      | Found an ornate altar of the Wu Jian Council.
  1659 | D:2      | Found a hide-covered altar of Uskayaw.
  1707 | D:2      | Reached XP level 5. HP: 48/55 MP: 5/5
  1951 | D:2      | Noticed Terence
  2067 | D:2      | Noticed Jessica
  2326 | D:1      | Identified 2 scrolls of acquirement
  2326 | D:1      | Acquired the amulet of Isavecy {Acrobat Str+7}
  2552 | D:3      | Reached skill level 5 in Fighting
  2864 | D:3      | Found a transporter.
  2865 | D:3      | Noticed DeathSocks's ghost (weakling VSDe)
  2883 | D:3      | Found the +5 Force Lance {heavy, knockback}
  2886 | D:3      | Found a transporter.
  2933 | D:3      | Found an ornate altar of the Wu Jian Council.
  3071 | D:3      | Killed DeathSocks's ghost
  3161 | D:3      | Reached XP level 6. HP: 66/66 MP: 6/6
  3345 | D:3      | Reached skill level 1 in Polearms
  3454 | D:3      | Found a glowing silver altar of Zin.
  3454 | D:3      | Noticed an angel
  3790 | D:3      | Became a worshipper of Zin the Law-Giver
  3790 | D:3      | Reached * piety under Zin
  4070 | D:4      | Found a shimmering altar of Xom.
  4089 | D:4      | Found a shimmering blue altar of Sif Muna.
  4089 | D:4      | Found an opulent altar of Gozag.
  4089 | D:4      | Found a shadowy altar of Dithmenos.
  4095 | D:4      | Found an iron altar of Okawaru.
  4097 | D:4      | Found a broken altar of Ashenzari.
  4129 | D:4      | Found a glowing drain.
  4194 | Sewer    | Entered a sewer
  4227 | Sewer    | Reached XP level 7. HP: 69/76 MP: 5/7
  4316 | Sewer    | Reached ** piety under Zin
  4653 | D:4      | Found a blossoming altar of Fedhas.
  5002 | D:2      | Killed Jessica
  5122 | D:2      | Killed Terence
  5190 | D:5      | Entered Level 5 of the Dungeon
  5192 | D:5      | Noticed a wyvern
  5199 | D:5      | Killed a wyvern
  5200 | D:5      | Reached skill level 5 in Polearms
  5200 | D:5      | Reached XP level 8. HP: 71/87 MP: 8/8
  5275 | D:5      | Reached skill level 1 in Invocations
  5296 | D:5      | Found a radiant altar of Vehumet.
  5738 | D:5      | Found a white marble altar of Elyvilon.
  6044 | D:5      | Reached *** piety under Zin
  6336 | D:5      | Found Soetz's Distillery.
  6344 | D:5      | Bought a potion of heal wounds for 55 gold pieces
  6344 | D:5      | Bought a potion of heal wounds for 55 gold pieces
  6344 | D:5      | Bought a potion of curing for 33 gold pieces
  6344 | D:5      | Bought a potion of curing for 33 gold pieces
  6344 | D:5      | Bought a potion of haste for 110 gold pieces
  6442 | D:6      | Reached skill level 1 in Throwing
  6512 | D:6      | Reached skill level 5 in Evocations
  6512 | D:6      | Reached XP level 9. HP: 94/94 MP: 10/12
  6636 | D:6      | Found an ornate altar of the Wu Jian Council.
  6746 | D:6      | Noticed Menkaure
  6754 | D:6      | Reached skill level 5 in Invocations
  7312 | D:7      | Reached **** piety under Zin
  7400 | D:7      | Found a runed translucent door.
  7401 | D:7      | Noticed Crazy Yiuf
  7822 | D:7      | Found Tegaobb's Neck Hole.
  7981 | D:7      | Killed Crazy Yiuf
  8173 | D:8      | Noticed Grum
  8182 | D:8      | Killed Grum
  8183 | D:8      | Reached XP level 10. HP: 92/107 MP: 15/15
  8344 | D:8      | Found a staircase to the Lair.
  8344 | D:8      | Noticed an elephant
  8376 | D:8      | Killed an elephant
  8443 | D:8      | Paralysed by a hornet for 3 turns
  8792 | D:8      | Noticed Psyche
  8797 | D:8      | Killed Psyche
  8887 | D:8      | Acquired the +0 hat of the Intense God {rElec}
  8894 | D:8      | Acquired 667 gold pieces
  8895 | D:8      | Reached ***** piety under Zin
  9816 | D:9      | Found a flagged portal.
  9822 | Bailey   | Entered a bailey
  9894 | Bailey   | Noticed an orc knight
  9924 | Bailey   | Killed an orc knight
  9925 | Bailey   | Reached skill level 10 in Fighting
 10171 | Bailey   | Reached ****** piety under Zin
 10250 | D:9      | Reached XP level 11. HP: 116/117 MP: 18/18
 10458 | D:9      | Identified the +10 hand axe of Milodosao {drain, *Noise
                  | rElec MP+9}
 10494 | D:9      | Reached skill level 10 in Invocations
 10547 | D:9      | Reached skill level 10 in Polearms
 11050 | D:9      | Found Waekag's Assorted Antiques.
 11230 | D:9      | Found a staircase to the Orcish Mines.
 11432 | D:6      | Found a staircase to the Ecumenical Temple.
 11631 | D:7      | Bought the amulet "Afudupse" {Acrobat rC+ Regen+ rCorr} for
                  | 595 gold pieces
 11771 | D:5      | Bought a potion of mutation for 88 gold pieces
 11771 | D:5      | Bought a potion of invisibility for 88 gold pieces
 11771 | D:5      | Bought a potion of haste for 110 gold pieces
 11896 | D:6      | Killed Menkaure
 12036 | D:6      | Found a glowing golden altar of the Shining One.
 12312 | Lair:1   | Entered Level 1 of the Lair of Beasts
 12631 | Lair:1   | Reached skill level 1 in Shields
 13222 | Lair:2   | Noticed a six-headed hydra
 13230 | Lair:2   | Killed a six-headed hydra
 13550 | Lair:2   | Reached XP level 12. HP: 37/130 MP: 20/20
 13826 | Lair:2   | Was placed under penance by Zin
 14660 | Lair:3   | Reached skill level 5 in Shields
 14778 | Lair:3   | You fall into a shaft and drop 1 floor!
 14778 | Lair:4   | Noticed a death yak
 14778 | Lair:4   | Noticed a death yak
 14778 | Lair:4   | Noticed a death yak
 14912 | Lair:3   | Noticed a skyshark
 14958 | Lair:3   | Found a staircase to the Snake Pit.
 15118 | Lair:3   | Noticed a five-headed hydra
 15128 | Lair:3   | Killed a five-headed hydra
 15418 | Lair:4   | Noticed Nessos
 15430 | Lair:4   | Killed Nessos
 15552 | Lair:4   | Was forgiven by Zin
 15691 | Lair:4   | Found a staircase to the Slime Pits.
 16223 | Lair:4   | Killed a death yak
 16224 | Lair:4   | Killed a death yak
 16228 | Lair:4   | Killed a death yak
 16229 | Lair:4   | Reached XP level 13. HP: 141/141 MP: 22/22
 16566 | Lair:5   | Entered Level 5 of the Lair of Beasts
 17079 | Lair:5   | Identified the +8 battleaxe "Killer Klown's Foe"
                  | {antimagic, rPois Str-4 Int-3 Stlth+}
 17534 | Lair:5   | Paralysed by a hornet for 3 turns
 17722 | Lair:5   | Found a runed translucent door.
 17727 | Lair:5   | Noticed Rupert
 18468 | Lair:3   | Found a staircase to the Shoals.
 18619 | D:10     | Entered Level 10 of the Dungeon
 18713 | D:10     | Reached XP level 14. HP: 153/156 MP: 24/24
 18733 | D:10     | Found Roacin's Hallowed Reliquary.
 18736 | D:10     | Noticed an angel
 18741 | D:10     | Bought a potion of curing for 39 gold pieces
 18741 | D:10     | Bought a potion of curing for 39 gold pieces
 18741 | D:10     | Bought a potion of curing for 39 gold pieces
 18741 | D:10     | Bought a potion of curing for 39 gold pieces
 18741 | D:10     | Bought a potion of curing for 39 gold pieces
 18948 | D:10     | Found a sparkling altar of Nemelex Xobeh.
 18993 | D:10     | Noticed Maurice
 19002 | D:10     | Something stole the amulet of Isavecy {Acrobat Str+7}
 19011 | D:10     | Killed Maurice
 19012 | D:10     | Reached skill level 10 in Shields
 19045 | D:10     | Found a portal to a secret trove of treasure.
 19241 | D:10     | Found a bloodstained altar of Trog.
 19322 | D:10     | Found a hide-covered altar of Uskayaw.
 20057 | D:11     | Identified the +5 chain mail "Caasme" {Rampage rF+ Dex-5}
 20096 | D:11     | Reached skill level 1 in Armour
 20470 | D:11     | Found the +7 hand cannon "Mule" {flame, backblast, rF+}
 20920 | D:12     | Noticed Snorg
 20929 | D:12     | Killed Snorg
 21020 | D:12     | Reached skill level 15 in Invocations
 21622 | D:12     | Reached skill level 5 in Throwing
 21828 | D:13     | Reached skill level 15 in Fighting
 22305 | D:13     | Reached skill level 5 in Armour
 22594 | D:13     | Noticed Josephine
 22608 | D:13     | Killed Josephine
 22609 | D:13     | Reached XP level 15. HP: 152/157 MP: 26/26
 23277 | D:14     | Noticed Roxanne
 23505 | D:14     | Noticed Lodul
 23509 | D:14     | Killed Lodul
 23800 | D:14     | Found a gate to the Vaults.
 24247 | Orc:1    | Entered Level 1 of the Orcish Mines
 24250 | Orc:1    | Noticed Urug
 24253 | Orc:1    | Killed Urug
 24337 | Orc:1    | Found a dark tunnel.
 24346 | Volcano  | Entered a volcano
 24515 | Abyss:3  | Cast into level 3 of the Abyss (an occultist)
 24563 | Abyss:3  | Noticed a bone dragon
 24583 | Abyss:3  | Killed a bone dragon
 24601 | Abyss:3  | Noticed a tentacled starspawn
 24607 | Abyss:3  | Killed a tentacled starspawn
 24616 | Abyss:3  | Found a corrupted altar of Lugonu.
 24727 | Abyss:3  | Noticed a bone dragon
 24735 | Volcano  | Escaped the Abyss
 25226 | Orc:2    | Entered Level 2 of the Orcish Mines
 25226 | Orc:2    | Found a gate leading to a gauntlet.
 25257 | Gauntlet | Entered a Gauntlet
 25257 | Gauntlet | Found a transporter.
 25263 | Gauntlet | Found a transporter.
 25264 | Gauntlet | Found a transporter.
 25272 | Gauntlet | Found a transporter.
 25276 | Gauntlet | Found a transporter.
 25281 | Gauntlet | Found a transporter.
 25286 | Gauntlet | Found a transporter.
 25290 | Gauntlet | Found a transporter.
 25298 | Gauntlet | Found a transporter.
 25302 | Gauntlet | Found a transporter.
 25310 | Gauntlet | Found a transporter.
 25332 | Gauntlet | Found a transporter.
 25344 | Gauntlet | Found a transporter.
 25368 | Gauntlet | Found a transporter.
 25512 | Gauntlet | Was placed under penance by Zin
 25519 | Gauntlet | Was forgiven by Zin
 25543 | Gauntlet | Found the +4 robe of Folly {Brill Will-∞ Int+8}
 25567 | Gauntlet | Got the Atlas of the Petrified Gift
 25681 | Orc:2    | Reached XP level 16. HP: 179/179 MP: 27/27
 25911 | Orc:2    | Reached skill level 10 in Throwing
 26232 | D:6      | Fell from the grace of Zin
 26232 | D:6      | Became a worshipper of the Shining One
 26232 | D:6      | Reached * piety under the Shining One
 26232 | D:6      | Reached ** piety under the Shining One
 26232 | D:6      | Reached *** piety under the Shining One
 26572 | Orc:2    | Reached **** piety under the Shining One
 26595 | Orc:2    | Found Kyust's Antique Armour Boutique.
 26635 | Orc:2    | Found Gigafus's General Store.
 26665 | Orc:2    | Found Peemod's Jewellery Boutique.
 26680 | Orc:2    | Found Erehom's Antique Weapon Boutique.
 26773 | Orc:2    | Found a staircase to the Elven Halls.
 26884 | Orc:1    | Found Gehoxkach's Weapon Shop.
 26965 | Orc:1    | Found Peadoer's Overcharged Wands.
 27064 | Orc:2    | Bought a scroll of fear for 64 gold pieces
 27064 | Orc:2    | Bought a wand of roots (6) for 230 gold pieces
 27080 | Orc:2    | Bought a ring of protection from fire for 400 gold pieces
 27264 | Shoals:1 | Entered Level 1 of the Shoals
 27284 | Shoals:1 | Noticed Donald
 27292 | Shoals:1 | Killed Donald
 27659 | Shoals:1 | Noticed a kraken
 27774 | Shoals:1 | Noticed Mlioglotl
 27778 | Shoals:1 | Gained mutation: Armour fits poorly on your strangely
                  | shaped body. [a neqoxec]
 27789 | Shoals:1 | Killed Mlioglotl
 28115 | Shoals:1 | Killed a kraken
 28773 | Shoals:2 | Reached skill level 15 in Shields
 28773 | Shoals:2 | Reached XP level 17. HP: 193/193 MP: 28/28
 28995 | Shoals:2 | Reached XP level 18. HP: 200/204 MP: 29/29
 29543 | Shoals:3 | Noticed Polyphemus
 29567 | Shoals:3 | Killed Polyphemus
 29612 | Shoals:3 | Found Ygiut's Antique Weapon Shop.
 30108 | Shoals:4 | Entered Level 4 of the Shoals
 31063 | Shoals:4 | Got a barnacled rune of Zot
 31150 | Shoals:4 | Identified the +7 falchion of Cufuwk {heavy, +Blink rF+
                  | Will+ Dex+3}
 31629 | D:15     | Entered Level 15 of the Dungeon
 31661 | D:15     | Found a viscous altar of Jiyva.
 31879 | D:15     | Noticed Louise
 31893 | D:15     | Killed Louise
 31902 | D:15     | Reached XP level 19. HP: 218/218 MP: 30/30
 31927 | D:15     | Found a staircase to the Depths.
 32310 | D:3      | Fell from the grace of the Shining One
 32310 | D:3      | Became a worshipper of Zin the Law-Giver
 33175 | Snake:1  | Entered Level 1 of the Snake Pit
 34775 | Snake:2  | Donated 927 gold pieces to Zin
 35887 | Snake:4  | Entered Level 4 of the Snake Pit
 36972 | Snake:4  | Identified the +8 great mace of the Manifold Dances {venom,
                  | rF- Str+3 Int+5}
 38032 | Snake:4  | Reached XP level 20. HP: 224/228 MP: 32/32
 38540 | Snake:4  | Reached skill level 15 in Throwing
 39055 | Snake:4  | Got a serpentine rune of Zot
 39502 | Vaults:1 | Entered Level 1 of the Vaults
 41809 | Vaults:2 | Reached XP level 21. HP: 173/239 MP: 34/34
 42540 | Vaults:2 | Identified the +7 arbalest of Drought {flame, Dex+5}
 42693 | Vaults:2 | Paralysed by a formless jellyfish for 1 turns
 43012 | Vaults:2 | Found Fuhuun's Antique Weapon Boutique.
 43747 | Vaults:3 | Lost mutation: Armour fits poorly on your strangely shaped
                  | body. [potion of mutation]
 44450 | Vaults:3 | Found Zimmex's Book Emporium.
 45497 | Vaults:3 | Found a staircase to the Crypt.
 45809 | Vaults:3 | Reached XP level 22. HP: 237/253 MP: 35/35
 46983 | Vaults:4 | Found Penaj's Jewellery Shop.
 46994 | Vaults:4 | Bought the ring of Gozag, Hugging {Will+ Stlth+} for 522
                  | gold pieces
 46994 | Vaults:4 | Bought a +4 ring of protection for 540 gold pieces
 48049 | D:14     | Killed Roxanne
 48425 | Elf:1    | Entered Level 1 of the Elven Halls
 49685 | Elf:2    | Noticed Nikola
 49690 | Elf:2    | Killed Nikola
 49728 | Elf:2    | Reached skill level 10 in Armour
 49887 | Elf:2    | Found a runed translucent gate.
 49890 | Elf:2    | Found a runed translucent gate.
 49955 | Elf:2    | Found a runed translucent gate.
 50307 | Elf:2    | Noticed Asterion
 50338 | Elf:2    | Killed Asterion
 50401 | Elf:2    | Paralysed by an air elemental for 1 turns
 51090 | Elf:2    | Reached XP level 23. HP: 224/263 MP: 37/37
 51626 | Orc:2    | Bought a ring of see invisible for 240 gold pieces
 52106 | Elf:3    | Entered Level 3 of the Elven Halls
 52110 | Elf:3    | Found Kutsebig's Antique Armour Emporium.
 52126 | Elf:3    | Found Ockoew's Book Emporium.
 52907 | Elf:3    | Found a runed translucent gate.
 52907 | Elf:3    | Found a runed translucent gate.
 52907 | Elf:3    | Found a runed translucent gate.
 52912 | Elf:3    | Noticed browni3141's ghost (adept DsCj)
 52983 | Elf:3    | Paralysed by an air elemental for 1 turns
 53201 | Elf:3    | Got the Grimoire of Mustering
 53581 | Elf:3    | Found Kiloyhuts's General Store.
 53581 | Elf:3    | Found Fafueq's General Store.
 53666 | Elf:3    | Found Tyiqi's Armour Shop.
 54803 | Elf:3    | Identified the +9 rapier of True Grit {antimagic, ^Contam
                  | rPois Will+ rCorr}
 55105 | Elf:3    | Identified the +4 short sword "Death Rattle" {protect, MP+9
                  | Int+3 SInv}
 55183 | Elf:3    | Got Ewniem's Monograph on Overcast Bad Luck
 55186 | Elf:3    | Got the Directory of the Petrified Door
 55396 | Elf:3    | Killed browni3141's ghost
 55800 | Lair:5   | Killed Rupert
 55804 | Lair:5   | Identified the staff of the Shining Light {*Slow +Blink
                  | Will+++ Dex+4 Earth}
 56101 | Depths:1 | Entered Level 1 of the Depths
 56132 | Depths:1 | Acquired a manual of Armour
 56200 | Depths:1 | Found a one-way gate leading to the halls of Pandemonium.
 56543 | Depths:1 | Found a gateway to Hell.
 56771 | Depths:1 | Found Ushryzyz's Book Shoppe.
 56772 | Depths:1 | Found Sagisuv's Jewellery Boutique.
 56774 | Depths:1 | Found Ucadd's Book Shoppe.
 56786 | Depths:1 | Bought the ring of Wuwku {rPois rF+ rC+ Str+4 Stlth+} for
                  | 1088 gold pieces
 57787 | Depths:2 | Reached XP level 24. HP: 239/273 MP: 37/37
 60308 | Depths:3 | Found a one-way gate to the infinite horrors of the Abyss.
 60582 | Depths:3 | Found a one-way gateway to a ziggurat.
 60811 | Depths:3 | Noticed Norris
 60831 | Depths:3 | Killed Norris
 61141 | Depths:4 | Entered Level 4 of the Depths
 61251 | Depths:4 | Found Reno's Armour Boutique.
 61381 | Depths:4 | Found a shimmering altar of Xom.
 62310 | Depths:4 | Found a gate to the Realm of Zot.
 62998 | Slime:1  | Entered Level 1 of the Pits of Slime
 63734 | Slime:3  | Reached XP level 25. HP: 137/287 MP: 37/38
 64751 | Slime:3  | Found a viscous altar of Jiyva.
 65432 | Slime:5  | Entered Level 5 of the Pits of Slime
 65992 | Slime:5  | Found a viscous altar of Jiyva.
 66053 | Slime:5  | Noticed the Royal Jelly
 66220 | Slime:5  | Killed the Royal Jelly
 66570 | Slime:5  | Identified the +7 whip "Omisim" {venom, rPois Will+ Int+3}
 66584 | Slime:5  | Identified the +1 war axe of the Undead {heavy, Str+6
                  | Dex-3}
 66588 | Slime:5  | Identified the +2 triple sword "Jolionou" {venom, rElec
                  | Will+ rCorr}
 66594 | Slime:5  | Identified the +1 rapier of Gurph {venom, Will+ Int+7}
 66639 | Slime:5  | Got a slimy rune of Zot
 66647 | Slime:5  | Identified the +5 mace of Goviojam {flame, Str+4 Dex+2}
 66661 | Slime:5  | Identified the amulet of Kauhyr {Faith rN+}
 66686 | Slime:5  | Identified the -1 cloak of Byemoon {Slay+3}
 66755 | Slime:5  | Identified the amulet "Riaruipn" {Acrobat rElec rCorr Str+7
                  | Dex-3}
 67701 | Elf:3    | Bought a potion of attraction for 60 gold pieces
 67701 | Elf:3    | Bought a potion of heal wounds for 100 gold pieces
 67893 | D:9      | Bought a scroll of brand weapon for 285 gold pieces
 68367 | Depths:1 | Bought the ring "Optiec" {Will+ Dex+6 SInv} for 1056 gold
                  | pieces
 68640 | Vaults:5 | Entered Level 5 of the Vaults
 68645 | Vaults:5 | Noticed an ancient lich
 68653 | Vaults:5 | Killed an ancient lich
 69007 | Vaults:5 | Noticed an ancient lich
 69021 | Vaults:5 | Noticed a dread lich
 69026 | Vaults:5 | Killed an ancient lich
 69039 | Vaults:5 | Killed a dread lich
 69354 | Vaults:5 | Identified the +0 leather armour "Enarom" {Regen+ MP-9
                  | Int+2 Dex+5}
 69380 | Vaults:5 | Noticed an ancient lich
 69384 | Vaults:5 | Killed an ancient lich
 69786 | Vaults:5 | Reached XP level 26. HP: 303/303 MP: 39/39
 69815 | Vaults:5 | Identified the +0 shortbow "Grim" {heavy, rN+ rCorr Str+2
                  | Stlth-}
 69979 | Vaults:5 | Got the Information on Familiar Rime
 70093 | Vaults:5 | Identified the staff of Virtue {rN+ Str+4 Necro}
 70766 | Vaults:5 | Noticed a dread lich
 70809 | Vaults:5 | Killed a dread lich
 71119 | Vaults:5 | Got a silver rune of Zot
 71406 | Vaults:5 | Got Tiyne's Disquisition on Bad Luck and Transposition
 71627 | Vaults:5 | Noticed an ancient lich
 71635 | Vaults:5 | Killed an ancient lich
 72983 | Zot:1    | Entered Level 1 of the Realm of Zot
 73342 | Zot:1    | Noticed a Killer Klown
 73356 | Zot:1    | Killed a Killer Klown
 73578 | Zot:1    | Found a shimmering altar of Xom.
 73578 | Zot:1    | Found a shimmering altar of Xom.
 73579 | Zot:1    | Found a shimmering altar of Xom.
 73579 | Zot:1    | Found a shimmering altar of Xom.
 73579 | Zot:1    | Found a glowing silver altar of Zin.
 73580 | Zot:1    | Found a shimmering altar of Xom.
 73581 | Zot:1    | Found a shimmering altar of Xom.
 73584 | Zot:1    | Found a shimmering altar of Xom.
 73686 | Zot:1    | Reached skill level 27 in Invocations
 74555 | Zot:1    | Found a shimmering altar of Xom.
 75303 | Zot:2    | Reached XP level 27. HP: 314/314 MP: 40/40
 76080 | Zot:2    | Reached skill level 5 in Maces & Flails
 76692 | Zot:3    | Noticed an orb of fire
 77017 | Zot:3    | Killed an orb of fire
 77763 | Zot:3    | Identified the +3 robe of Caug {rF+}
 78274 | Zot:4    | Noticed an orb of fire
 78290 | Zot:4    | Killed an orb of fire
 79190 | Zot:4    | Reached skill level 5 in Dodging
 80000 | Zot:1    | Noticed an ancient lich
 80002 | Zot:1    | Killed an ancient lich
 80066 | Depths:4 | Voluntarily entered the Abyss.
 80066 | Abyss:3  | Found a corrupted altar of Lugonu.
 80141 | Abyss:3  | Found a corrupted altar of Lugonu.
 80563 | Depths:4 | Escaped the Abyss
 80765 | Depths:4 | Voluntarily entered the Abyss.
 81109 | Abyss:3  | Reached skill level 10 in Maces & Flails
 81439 | Abyss:3  | Noticed an ancient lich
 82292 | Abyss:3  | Found a corrupted altar of Lugonu.
 82360 | Depths:4 | Escaped the Abyss
 82534 | Depths:4 | Voluntarily entered the Abyss.
 82630 | Abyss:3  | Paralysed by accursed screaming for 1 turns
 82866 | Depths:4 | Escaped the Abyss
 83072 | Depths:4 | Voluntarily entered the Abyss.
 83345 | Abyss:3  | Reached skill level 27 in Fighting
 83680 | Abyss:4  | Got an abyssal rune of Zot
 83703 | Depths:4 | Escaped the Abyss
 83977 | Crypt:1  | Entered Level 1 of the Crypt
 84390 | Crypt:1  | Noticed Zenata
 84422 | Crypt:1  | Killed Zenata
 85488 | Depths:1 | Bought a manual of Maces & Flails for 1120 gold pieces
 85951 | Crypt:1  | Found a shimmering altar of Xom.
 86577 | Crypt:3  | Entered Level 3 of the Crypt
 86956 | Crypt:3  | Noticed Margery
 86971 | Crypt:3  | Noticed Sojobo
 86976 | Crypt:3  | Killed Margery
 86980 | Crypt:3  | Noticed a royal mummy
 86980 | Crypt:3  | Noticed a royal mummy
 87439 | Crypt:3  | Noticed a royal mummy
 87455 | Crypt:3  | Killed a royal mummy
 87463 | Crypt:3  | Noticed Khufu
 87473 | Crypt:3  | Killed Khufu
 87478 | Crypt:3  | Killed a royal mummy
 87483 | Crypt:3  | Killed a royal mummy
 87598 | Crypt:3  | Got the Quarto of the Unified Catalyst
 87599 | Crypt:3  | Identified the +12 sling of Courage {elec, rF+ rC+}
 88146 | Crypt:3  | Found a staircase to the Tomb.
 88233 | Crypt:3  | Paralysed by an air elemental for 1 turns
 88237 | Crypt:3  | Paralysed by an air elemental for 1 turns
 88255 | Crypt:3  | Killed Sojobo
 88654 | Crypt:3  | Found an ancient bone altar of Kikubaaqudgha.
 89003 | Crypt:3  | Noticed a dread lich
 89031 | Crypt:3  | Killed a dread lich
 89052 | Crypt:3  | Got the Octavo of Coordinates
 89057 | Crypt:3  | Identified the +9 ice dragon scales "Ashracici" {Harm
                  | ^Drain rElec rF- rC++ Str+3 Slay+2}
 89482 | Pan      | Entered Pandemonium
 90210 | Pan      | Noticed Tabiu the pandemonium lord
 90223 | Pan      | Killed Tabiu the pandemonium lord
 90807 | Pan      | Reached skill level 15 in Maces & Flails
 91178 | Pan      | Got a demonic rune of Zot
 91293 | Pan      | Reached skill level 15 in Armour
 91413 | Pan      | Noticed Roymp the pandemonium lord
 91438 | Pan      | Killed Roymp the pandemonium lord
 91556 | Pan      | Identified the amulet "Renuupas" {Acrobat ^Fragile Int+5
                  | Dex+4}
 92305 | Pan      | Entered the realm of Lom Lobon.
 92578 | Pan      | Found an exit through the horrors of the Abyss.
 92950 | Pan      | Noticed Lom Lobon
 92986 | Pan      | Got a magical rune of Zot
 93132 | Pan      | Noticed Pias the pandemonium lord
 93924 | Pan      | Found an exit through the horrors of the Abyss.
 93939 | Pan      | Noticed Niublyju the pandemonium lord
 93958 | Pan      | Killed Niublyju the pandemonium lord
 94621 | Pan      | Found a transporter.
 94730 | Pan      | Found a transporter.
 94814 | Pan      | Found an exit through the horrors of the Abyss.
 94860 | Pan      | Noticed Murphoce the pandemonium lord
 95443 | Pan      | Entered the realm of Cerebov.
 95781 | Pan      | Found an exit through the horrors of the Abyss.
 96249 | Pan      | Identified the +7 halberd of Anxiety {flame, ^Fragile rCorr
                  | Int+5 Dex+2}
 96307 | Pan      | Found the +6 sword of Cerebov {flame}
 96307 | Pan      | Noticed Cerebov
 96348 | Pan      | Identified the +3 trident of Sulphur {freeze, *Slow Dex+6}
 96390 | Pan      | Got a fiery rune of Zot
 96498 | Pan      | Noticed Feubreje the pandemonium lord
 96504 | Pan      | Killed Feubreje the pandemonium lord
 96579 | Pan      | Noticed Gicwu the pandemonium lord
 96581 | Pan      | Entered the realm of Gloorx Vloq.
 96644 | Pan      | Noticed Lom Lobon
 96645 | Pan      | Reached skill level 27 in Shields
 96704 | Pan      | Killed Lom Lobon
 97372 | Pan      | Found an exit through the horrors of the Abyss.
 97646 | Pan      | Reached skill level 10 in Dodging
 98207 | Pan      | Noticed Gloorx Vloq
 98222 | Pan      | Got a dark rune of Zot
 98462 | Pan      | Entered the realm of Mnoleg.
 98672 | Pan      | Found the +6 sword of Cerebov {flame}
 98672 | Pan      | Noticed Cerebov
 98730 | Pan      | Killed Cerebov
 99684 | Pan      | Identified the +1 scale mail of Wisdom {rElec rF- Dex+4}
100028 | Pan      | Reached skill level 27 in Throwing
100159 | Pan      | Noticed Mnoleg
100178 | Pan      | Killed Mnoleg
100235 | Pan      | Got a glowing rune of Zot
100449 | Pan      | Noticed Vumiw the pandemonium lord
100454 | Pan      | Killed Vumiw the pandemonium lord
100846 | Pan      | Reached skill level 10 in Evocations
100873 | Pan      | Found an exit through the horrors of the Abyss.
100885 | Pan      | Took an exit into the Abyss.
100885 | Abyss:4  | Escaped into the Abyss
100890 | Depths:1 | Escaped the Abyss
101119 | Zot:5    | Entered Level 5 of the Realm of Zot
102041 | Zot:5    | Noticed an orb of fire
102051 | Zot:5    | Killed an orb of fire
102054 | Zot:5    | Noticed an ancient lich
102061 | Zot:5    | Killed an ancient lich
102242 | Zot:5    | Noticed a dread lich
102249 | Zot:5    | Killed a dread lich
102280 | Zot:5    | Noticed an ancient lich
102281 | Zot:5    | Noticed an orb of fire
102285 | Zot:5    | Killed an orb of fire
102293 | Zot:5    | Noticed a dread lich
102295 | Zot:5    | Killed an ancient lich
102300 | Zot:5    | Killed a dread lich
102301 | Zot:5    | Noticed an orb of fire
102304 | Zot:5    | Killed an orb of fire
102573 | Zot:5    | Noticed an ancient lich
102578 | Zot:5    | Killed an ancient lich
102821 | Zot:5    | Got the Orb of Zot
103329 | D:$      | Escaped with the Orb!

Illustrated notes

Levels and vault maps discovered:
D:1:      onia_arrival_zoo_common, layout_basic,
          shapermc_ecumenical_altar_pompeii, minmay_strange_pillars,
          minmay_quantized
D:2:      cheibrodos_fertilizer, layout_basic, uniq_robin, uniq_jessica,
          uniq_terence
D:3:      layout_loops_ring, zin_angel, mainiacjoe_overflow_catwalk,
          serial_glass, glass_columns_c, glass_columns_a, gammafunk_ghost_arena
D:4:      layout_basic, fedhas_altar_fruit_tree, minmay_overflow_temple_hex,
          cheibrodos_sewer_entry_sluice, st_stairs_11, kennysheep_generic_room_2
D:5:      layout_basic, nicolae_elyvilon_temple_path, vehumet_statue,
          serial_shops, nicolae_shop_tiny_waterfront
D:6:      layout_cave_pools, minmay_temple_entry_stoned_glass,
          hangedman_feature_mirror, uniq_menkaure
D:7:      layout_basic, serial_glass, glass_columns_a, glass_columns_b,
          glass_columns_b, glass_columns_a, nicolae_shop_sticking_my_neck_out,
          uniq_crazy_yiuf_cottage
D:8:      layout_basic, david_lair_generic, grunt_ministairs_2, uniq_grum,
          uniq_psyche
D:9:      layout_basic, hiddenorc2_lemuel, enter_bailey_2, serial_shops, shop,
          minmay_diced_spiral
D:10:     minmay_razor_zed, layout_basic, lemuel_doored_altar,
          old_standard_altar, overflow_temple_1_default, enter_trove_3,
          nicolae_good_shop, uniq_maurice
D:11:     layout_roguey
D:12:     minmay_general_purpose_star, layout_cave_pods, uniq_snorg
D:13:     layout_rooms, minmay_misc_feat_four_crosses, hex_medium,
          minmay_pinched_square, uniq_josephine
D:14:     layout_basic, ximxim_vaults_locker_room, st_stairs_14, uniq_lodul,
          uniq_roxanne
D:15:     grunt_enter_depths_giant_problem, layout_loops_corners, jiyva_altar_1,
          uniq_louise
Lair:1:   layout_regular_city
Lair:2:   wad_woods_minihive, layout_hall_layers
Lair:3:   layout_gridlike, minmay_shoals_entry_hut, guppyfry_snake_entry_island,
          serial_bayou_lagoon_a
Lair:4:   layout_cave_pods, slime_entry_1, uniq_nessos
Lair:5:   minmay_lair_end_enchanted_forest, layout_long_grid,
          pdpol_lair_cabin_in_the_woods
Shoals:1: layout_shoals, uniq_mlioglotl, uniq_donald
Shoals:2: layout_shoals
Shoals:3: layout_shoals, serial_shops, nicolae_shop_pleasant_corner_grove,
          uniq_polyphemus
Shoals:4: shoals_end_hellmonk_lost_city
Snake:1:  layout_grid_maze, dpeg_stationary_puzzle, grunt_megastairs_5
Snake:2:  layout_basic, serial_corexii_hall, corexii_hall_statues_l,
          corexii_hall_statues_s
Snake:3:  layout_onion_interference, lemuel_fruit_tree
Snake:4:  snake_pit_salamanders_mu, layout_cave_town, drop_trap
Slime:1:  layout_caves
Slime:2:  layout_caves, nicolae_slime_getting_an_eyeful
Slime:3:  layout_caves, basic_altar
Slime:4:  layout_caves
Slime:5:  slime_pit_nicolae_trefoil
Orc:1:    layout_caves, serial_shops, shop, nicolae_volcano_entry_s_turn,
          nicolae_orc_flooded_monolith, nicolae_shop_overcharged_wands,
          uniq_urug
Orc:2:    grunt_orc_cross, layout_caves, gauntlet_entry_generic
Elf:1:    layout_gridlike, hangedman_corner_corridor, corner_web_ring
Elf:2:    nicolae_elf_blades_splatter_lattice
          [nicolae_blade_entry_diamond_columns], layout_loops_ring,
          serial_co_window_serial, co_window_paths_a,
          co_window_of_opportunity_a, co_window_paths_a, co_window_paths_b,
          co_window_paths_a, co_window_paths_a, co_window_paths_b,
          co_window_corner_a, co_window_paths_a, co_window_unsneaky_path_a,
          co_window_corner_b, co_window_corner_b, glass_columns_a,
          glass_columns_a, glass_columns_a, uniq_asterion, uniq_nikola
Elf:3:    minmay_elf_hall_dome, layout_geoelf_castle, ebering_ghost_rock_garden,
          serial_shops, shop, nicolae_shop_behind_doors,
          nicolae_book_shop_shelving, shop,
          nicolae_shop_temple_entry_statues_fountains, st_stairs_7,
          minmay_elf_demonology
Vaults:1: vaults_room_semicircle, grunt_vaults_funnel,
          nicolae_vaults_tetromino_T_1, nicolae_vaults_offset_grid_hallway_3,
          nicolae_vaults_big_ls, v_misc_32, hangedman_vaults_nails,
          ontoclasm_vaults_fault, ontoclasm_vaults_spin, v_pattern_5,
          vaults_dpeg_emergency_exit, nicolae_vaults_hallways_thing,
          layout_vaults_big_cross
Vaults:2: v_misc_11, nicolae_vaults_little_squares_5, vaults_mumra_hex,
          v_misc_31, nicolae_vaults_yaktaur_gun_rack, vaults_room_pool,
          layout_vaults_quadrants, serial_shops,
          nicolae_shop_pleasant_corner_grove
Vaults:3: ontoclasm_vaults_ring_large, vaults_room_stairs_pillars,
          nicolae_vaults_double_plus_3, v_misc_12,
          minmay_crypt_entry_simple_statues, nicolae_vaults_c_with_doors,
          nicolae_vaults_wine_cellar, nicolae_vaults_what_the_h,
          hangedman_vaults_trim, v_misc_11, nicolae_vaults_surprise_closet,
          layout_vaults_chaotic_city, serial_shops, shop_coins
Vaults:4: nicolae_vaults_network_barrier, vaults_room_door_hall,
          nicolae_vaults_ring_of_whatevers, nicolae_vaults_little_squares_6,
          ontoclasm_vaults_gateway, nicolae_vaults_asterisk,
          nicolae_vaults_ring_of_whatevers, hangedman_vaults_trim,
          nicolae_vaults_closet_pinwheel_1, nicolae_vaults_apartment_2,
          nicolae_vaults_little_squares_1, ontoclasm_vaults_loading_screen,
          layout_vaults_omnibox, serial_shops, nicolae_shop_tiny_waterfront
Vaults:5
Crypt:1:  layout_regular_city, lemuel_upstairs_altar, uniq_zenata
Crypt:2:  layout_regular_city
Crypt:3:  evilmike_haunted_forest, uniq_sojobo, uniq_margery, uniq_khufu
Depths:1: layout_basic, hell_entry, pan_entry, minivault_11,
          lemuel_flame_loot_1, minmay_shop_grove
Depths:2: minmay_the_grid_net [minmay_the_grid_minigrid_medium,
          minmay_the_grid_odd_star, minmay_the_grid_eight,
          minmay_the_grid_small_cups, minmay_the_grid_expand,
          minmay_the_grid_prize_inner_circle], layout_honeycomb,
          grunt_pan_entry_spiral, hell_entry, minmay_large_rounded_square
Depths:3: evilmike_lava_path, layout_basic, enter_ziggurat_f, abyss_entry,
          hell_entry, pan_entry, grunt_megastairs_2,
          infiniplex_staircase_pillars_3a, uniq_norris
Depths:4: grunt_zot_entry_alcove, layout_gridlike, hangedman_coc_ice_floe,
          serial_shops, shop, xom_teletrap_fun, abyss_entry, uniq_grunn
Zot:1:    dreamdust_zin_vs_xom, layout_misc_corridors,
          regret_index_zotdec_bone_old, nzn_random_ring
Zot:2:    nicolae_moth_party, layout_onion
Zot:3:    layout_misc_corridors, hangedman_zot_decor_slant,
          regret_index_zotdec_twisting_globes
Zot:4:    layout_gridlike
Zot:5:    layout_misc_corridors, nicolae_tricolors

Skill      XL: |  1  2  3  4  5  6  7  8  9 10 11 12 13 14 15 16 17 18 19 20 21 22 23 24 25 26 27 |
---------------+----------------------------------------------------------------------------------+-----
Fighting       | 2 3 4 5 6 7 9 10 11 12 14 15 16 17 18 19 20 21 22 23 24 25 27 | 27.0
Maces & Flails | 1 2 3 18 | 18.0
Evocations     | 3 4 5 12 | 12.5
Polearms       | 2 5 6 7 9 10 11 12 | 12.0
Invocations    | 4 7 9 11 12 14 15 17 18 19 20 21 23 25 27 | 27.0
Throwing       | 1 3 4 6 9 10 11 14 16 17 18 20 22 27 | 27.0
Shields        | 4 7 9 10 12 15 17 18 19 20 21 22 27 | 27.0
Armour         | 5 7 8 10 18 | 18.9
Dodging        | 12 | 12.5
Stealth        | |  0.6

Action                     |  1- 3 |  4- 6 |  7- 9 | 10-12 | 13-15 | 16-18 | 19-21 | 22-24 | 25-27 || total
---------------------------+-------+-------+-------+-------+-------+-------+-------+-------+-------++-------
  Melee: Mace              |   113 |   154 |       |       |       |       |       |       |       ||   267
         Club              |     3 |       |       |       |       |       |       |       |       ||     3
         Headbutt          |    17 |    25 |    14 |    52 |   141 |   107 |   315 |   309 |  1279 ||  2259
         Punch             |       |     2 |     1 |     2 |       |       |       |       |       ||     5
         Lance             |       |    23 |   161 |   580 |  1025 |   886 |  1636 |  1846 |  1423 ||  7580
         Sacred scourge    |       |       |       |       |       |       |       |       |  2761 ||  2761
  Throw: Stone             |       |     8 |    11 |    25 |       |       |       |       |       ||    44
         Boomerang         |       |     4 |     6 |    24 |    37 |    41 |   162 |   208 |   777 ||  1259
         Dart              |       |       |    18 |    35 |    34 |       |       |       |       ||    87
         Javelin           |       |       |       |       |     6 |     7 |    44 |    12 |   172 ||   241
         Large rock        |       |       |       |       |    11 |    54 |    81 |    95 |  1045 ||  1286
         Throwing net      |       |       |       |       |       |       |       |       |     3 ||     3
 Invoke: Recite            |       |     1 |     1 |     3 |     9 |       |     9 |    15 |    44 ||    82
         Vitalisation      |       |       |       |     4 |    10 |       |     1 |     8 |    36 ||    59
         Imprison          |       |       |       |       |     7 |       |       |       |    11 ||    18
         Sanctuary         |       |       |       |       |     1 |       |       |     1 |     3 ||     5
         Divine Shield     |       |       |       |       |       |    16 |     1 |       |       ||    17
         Cleansing Flame   |       |       |       |       |       |     5 |       |       |       ||     5
         Donate Gold       |       |       |       |       |       |       |     1 |       |       ||     1
  Evoke: Wand              |     2 |     6 |     4 |    22 |    19 |    23 |    15 |     3 |    24 ||   118
         Phantom mirror    |       |       |       |       |       |     2 |       |     1 |     3 ||     6
         Tin of tremorston |       |       |       |       |       |       |     4 |     2 |     2 ||     8
         Phial of floods   |       |       |       |       |       |       |     2 |     1 |       ||     3
         Sack of spiders   |       |       |       |       |       |       |     1 |       |       ||     1
    Use: Scroll            |       |     2 |     9 |    11 |    19 |     5 |     5 |    10 |    36 ||    97
         Potion            |       |       |     2 |     3 |    25 |    12 |     8 |     9 |    50 ||   109
   Stab: Sleeping          |       |     2 |     1 |     2 |     1 |       |       |     7 |     1 ||    14
         Confused          |       |       |       |     1 |     1 |       |     7 |     8 |    16 ||    33
         Paralysed         |       |       |       |     5 |     1 |       |     7 |       |     1 ||    14
         Invisible         |       |       |       |       |     1 |       |       |       |     3 ||     4
         Fleeing           |       |       |       |       |     1 |       |       |       |       ||     1
         Distracted        |       |       |       |       |       |       |       |     3 |     7 ||    10
         Held in net/web   |       |       |       |       |       |       |       |       |     1 ||     1
 Armour: Robe              |    70 |   110 |   103 |   259 |   259 |       |     7 |       |       ||   808
         Troll leather arm |       |       |       |       |    25 |       |       |       |       ||    25
         Acid dragon scale |       |       |       |       |   132 |   267 |   661 |   594 |  1232 ||  2886
  Dodge: Dodged            |    57 |   111 |    58 |   180 |   185 |    88 |   234 |   140 |   392 ||  1445
  Block: Kite shield       |       |       |       |    19 |   191 |       |       |       |       ||   210
         Tower shield      |       |       |       |       |   147 |   585 |  1256 |  1276 |  4411 ||  7675
         Reflection        |       |       |       |       |       |       |     1 |   118 |   118 ||   237
